 Dungeon Crawl Stone Soup version 0.29-a0-416-g83a48905f1 (webtiles) character file.

Game seed: 17203295242489719999

168 xian the Sneak (level 5, -4/26 HPs)
             Began as a Spriggan Brigand on May 16, 2022.
             Was a Priest of Lugonu.
             Slain by a gnoll
             ... wielding a +0 spear
              (9 damage)
             ... on level 4 of the Dungeon.
             The game lasted 00:11:35 (3302 turns).

xian the Sneak (Spriggan Brigand)                   Turns: 3302, Time: 00:11:35

Health: -4/26      AC:  2    Str:  7    XL:     5   Next: 24%
Magic:  15/15      EV: 18    Int: 15    God:    Lugonu [***...]
Gold:   138        SH:  0    Dex: 16    Spells: 4/4 levels left

rFire   . . .      SeeInvis +   m - +1 whip (venom)
rCold   . . .      Faith    .   (no shield)
rNeg    . . .      Spirit   .   b - +0 robe
rPois   .          Reflect  .   (helmet restricted)
rElec   .          Harm     .   w - scarf {shadows}
rCorr   .          Rampage  .   (gloves unavailable)
Will    +....                   (boots unavailable)
Stlth   ++++......              (no amulet)
HPRegen 0.08/turn               n - ring of magical power
MPRegen 0.14/turn               t - ring of willpower

@: very quick
A: very small, no large weapons, unfitting armour, see invisible, speed 3
a: Renounce Religion, Depart the Abyss, Bend Space, Banish


You were on level 4 of the Dungeon.
You worshipped Lugonu.
Lugonu was most pleased with you.
You visited 1 branch of the dungeon, and saw 4 of its levels.

You collected 138 gold pieces.

Inventory:

Hand Weapons
 a - a +2 dagger
 m - a +1 whip of venom (weapon)
 o - a +1 vorpal falchion
Missiles
 e - 3 curare-tipped darts (quivered)
 h - 53 stones
Armour
 b - a +0 robe (worn)
 c - a +0 cloak
 w - a scarf of shadows (worn)
Jewellery
 n - a ring of magical power (left hand)
 t - a ring of willpower (right hand)
Scrolls
 g - 4 scrolls of teleportation {unknown}
 p - a scroll of fear {unknown}
 q - a scroll of poison {unknown}
 r - a scroll of fog {unknown}
 s - 3 scrolls of identify {unknown}
 u - a scroll of brand weapon {unknown}
 y - a scroll of blinking {unknown}
Potions
 f - a potion of invisibility {unknown}
 i - a potion of resistance {unknown}
 j - a potion of flight {unknown}
 k - 2 potions of mutation {unknown}
 l - a potion of curing {unknown}
 v - a potion of lignification {unknown}
 x - a potion of attraction {unknown}
 z - a potion of haste {unknown}
 A - a potion of might {unknown}


   Skills:
 + Level 1.8 Fighting
 + Level 2.3 Short Blades
 + Level 1.2 Maces & Flails
 + Level 3.4 Throwing
 + Level 3.2 Dodging
 + Level 7.1 Stealth


You had 4 spell levels left.
You didn't know any spells.
Your spell library contained the following spells:

 Spells                   Type           Power      Damage    Failure   Level
 Corpse Rot               Necr/Air       0%         N/A       38%         2
 Poisonous Vapours        Pois/Air       0%         N/A       38%         2


Dungeon Overview and Level Annotations

Branches:
Dungeon (4/15)
 Temple: D:4-7

Altars:
Gozag
Zin
The Shining One
Lugonu

Shops:
D:2 (


Innate Abilities, Weirdness & Mutations

You are very small and have problems with some larger weapons.
You are too small for most types of armour.
You have supernaturally acute eyesight. (SInv)
You cover ground extremely quickly. (Speed+++)


Message History

You see here a +0 spear.
The gnoll shouts!
You hit the gnoll.
The gnoll is moderately wounded.
The gnoll hits you with a +0 spear.
You barely miss the gnoll.
The gnoll is moderately wounded.
The gnoll barely misses you.
You hit the gnoll.
The gnoll is poisoned.
The gnoll is heavily wounded.
The gnoll misses you.
You throw a poisoned dart. The poisoned dart hits the gnoll!
The gnoll looks as sick as possible!
The gnoll is heavily wounded.
The gnoll hits you from afar with a +0 spear.
You throw a poisoned dart. The poisoned dart hits the gnoll.
The gnoll looks as sick as possible!
The gnoll is severely wounded.
The gnoll closely misses you.
You hit the gnoll.
You kill the gnoll!
Lugonu accepts your kill.
You closely miss the gnoll. The gnoll closely misses you.
You hit the gnoll but do no damage. The gnoll misses you.
The gnoll completely misses you.
You hit the gnoll.
The gnoll is poisoned.
The gnoll is lightly wounded.
The gnoll barely misses you. The gnoll closely misses you.
You hit the gnoll.
The gnoll looks as sick as possible!
The gnoll is moderately wounded.
The gnoll hits you from afar with a +0 spear.
The gnoll completely misses you.
You hit the gnoll but do no damage.
The gnoll looks as sick as possible!
The gnoll is moderately wounded.
The gnoll misses you. The gnoll hits you with a +0 whip!
* * * LOW HITPOINT WARNING * * *
You hit the gnoll but do no damage.
The gnoll looks as sick as possible!
The gnoll is moderately wounded.
The gnoll hits you from afar with a +0 spear!
You die...

... .## ..# .. #.#
### ..#..
#..###8###.#.
#.##._._.#..
#.###...##g#
##.###...##g#
#####...###'###@##.#
#.............(....#
##.###...#######.####
........## #.#
...###### #.# ####
#.# ... #.#


You could see 2 gnolls.

Vanquished Creatures
  An orc wizard (D:3)
  2 gnolls (D:4)
  6 adders
  A worm (D:2)
  3 dart slugs
  7 orcs (D:3)
  7 bats
  3 endoplasms
  A giant cockroach (D:2)
  2 goblins
  7 hobgoblins
  2 jackals (D:3)
  2 quokkas
  4 ball pythons
  2 frilled lizards (D:3)
  3 kobolds
  6 rats
59 creatures vanquished.

Notes
Turn   | Place    | Note
-------+----------+-------------------------------------------
     0 | D:1      | xian the Spriggan Brigand began the quest for the Orb.
     0 | D:1      | Reached XP level 1. HP: 10/10 MP: 2/2
   256 | D:1      | Reached skill level 6 in Stealth
   613 | D:1      | Reached XP level 2. HP: 14/14 MP: 3/3
   918 | D:1      | Found a faded altar of an unknown god.
   928 | D:1      | Prayed at the altar of an unknown god.
   928 | D:1      | Became a worshipper of Lugonu the Unformed
   928 | D:1      | Reached * piety under Lugonu
   928 | D:1      | Reached ** piety under Lugonu
  1336 | D:2      | Reached XP level 3. HP: 16/18 MP: 4/4
  1395 | D:2      | Found Voused's Weapon Emporium.
  1729 | D:2      | Found a glowing silver altar of Zin.
  2007 | D:3      | Reached XP level 4. HP: 23/23 MP: 5/5
  2043 | D:3      | Reached skill level 7 in Stealth
  2054 | D:3      | Reached *** piety under Lugonu
  2137 | D:3      | Reached skill level 1 in Maces & Flails
  2524 | D:3      | Reached XP level 5. HP: 26/26 MP: 6/6
  3266 | D:4      | Found an opulent altar of Gozag.
  3266 | D:4      | Found a glowing golden altar of the Shining One.
  3302 | D:4      | Slain by a gnoll

Illustrated notes

Levels and vault maps discovered:
D:1:      psy_arrival_spokes, layout_loops_ring,
          hellmonk_ecumenical_altar_zigzags
D:2:      layout_rooms, serial_shops, shop, basic_altar, minmay_misc_feat_alley,
          minmay_misc_feat_square
D:3:      layout_loops_ring
D:4:      kennysheep_six_static_rooms, layout_loops_ring,
          gammafunk_temple_overflow_statue

Skill      XL: |  1  2  3  4 |
---------------+-------------+-----
Stealth        | 6 7 |  7.1
Dodging        | 2 3 |  3.2
Throwing       | 3 |  3.4
Maces & Flails | 1 |  1.2
Fighting       | |  1.8
Short Blades   | |  2.3

Action                   |  1- 3 |  4- 6 || total
-------------------------+-------+-------++-------
Melee: Dagger            |    20 |       ||    20
       Punch             |     2 |       ||     2
       Whip              |    55 |    78 ||   133
Throw: Dart              |    59 |    21 ||    80
       Stone             |       |     9 ||     9
 Stab: Sleeping          |     2 |     6 ||     8
Armor: Robe              |    14 |     6 ||    20
Dodge: Dodged            |    76 |    62 ||   138

Table legend: (Time is in decaauts)
 A = Elapsed time spent in this place.
 B = Non-inter-level travel time spent in this place.
 C = Inter-level travel time spent in this place.
 D = Time resting spent in this place.
 E = Time spent auto-exploring this place.
 F = Levels seen in this place.
 G = Mean time per level.
                   A        B        C        D        E       F      G
               +--------+--------+--------+--------+--------+-----+--------+
         Total |   2504 |   2468 |     36 |    251 |   1648 |   4 |  626.0 |
       Dungeon |   2504 |   2468 |     36 |    251 |   1648 |   4 |  626.0 |
               +--------+--------+--------+--------+--------+-----+--------+

Top non-repeatable levels by time:
     D:1: 988 daAuts
     D:3: 859 daAuts
     D:2: 509 daAuts
     D:4: 146 daAuts
